 Dungeon Crawl Stone Soup version 0.27.1-15-g792fb953b9 (webtiles) character file.

Game seed: 7567855540945661998

998 zeram the Cudgeller (level 8, -2/78 HPs)
             Began as a Troll Fighter on Nov 19, 2021.
             Slain by a gnoll (7 damage)
             ... on level 6 of the Dungeon.
             The game lasted 00:08:39 (3070 turns).

zeram the Cudgeller (Troll Fighter)                 Turns: 3070, Time: 00:08:40

Health: -2/78      AC:  4    Str: 25    XL:     8   Next: 0%
Magic:  10/10      EV:  8    Int:  6    God:
Gold:   214        SH:  8    Dex:  9    Spells: 11/11 levels left

rFire    . . .     SeeInvis .   i - +0 flail (protect)
rCold    . . .     Faith    .   c - +0 kite shield
rNeg     + . .     Spirit   .   b - +0 robe
rPois    .         Reflect  .   (helmet restricted)
rElec    .         Harm     .   (no cloak)
rCorr    .         Rampage  .   (gloves unavailable)
Will     .....                  (boots unavailable)
Stlth    +.........             (no amulet)
HPRegen  1.23/turn              n - ring of positive energy
MPRegen  0.12/turn              (no ring)

@: lit by a corona, hasted, glowing, very quick
A: large, unfitting armour, claws 3, regeneration 1, shaggy fur 1, tough skin 1
a: no special abilities


You were on level 6 of the Dungeon.
You visited 2 branches of the dungeon, and saw 6 of its levels.

You collected 214 gold pieces.

Inventory:

Hand Weapons
 a - a +0 flail
 d - a +2 mace of draining
 i - a +0 flail of protection (weapon)
Armour
 b - a +0 robe (worn)
 c - a +0 kite shield (worn)
Jewellery
 n - a ring of positive energy (left claw)
 q - a ring of poison resistance
Scrolls
 g - a scroll of identify
 l - a scroll of vulnerability
 o - a scroll of noise
 p - a scroll of amnesia
Potions
 e - a potion of curing
 h - a potion of brilliance
 m - a potion of degeneration


   Skills:
 + Level 3.8 Fighting
 + Level 5.7 Maces & Flails
 + Level 4.3 Dodging
 - Level 2.4 Shields
 * Level 2.3 Spellcasting


You had 11 spell levels left.
You didn't know any spells.
Your spell library contained the following spells:

 Spells                   Type           Power      Damage    Failure   Level
 Inner Flame              Hex/Fire       0%         N/A       99%         3
 Cause Fear               Hex            0%         N/A       100%        4
 Discord                  Hex            0%         N/A       100%        8


Dungeon Overview and Level Annotations

Branches:
Dungeon (4/15)             Temple (1/1) D:4

Altars:
Cheibriados
Fedhas
Hepliaklqana
Kikubaaqudgha
Okawaru
Sif Muna
Trog
Uskayaw
Vehumet
Wu Jian
Xom
Yredelemnul
Zin
The Shining One

Annotations:
D:3 2 transporters, JuniperTheExplorer's ghost, amateur FoFi
D:6 Sigmund


Innate Abilities, Weirdness & Mutations

You are too large for most types of armour.
You have claws for hands.
Your natural rate of healing is unusually fast.
You are covered in fur. (AC +1)
You have tough skin. (AC +1)


Message History

Found 10 gold pieces.
Found a stone staircase leading down.
The gnoll shaman is no longer moving quickly.
You block the gnoll shaman's attack. You block something's attack.
Found an iron altar of Okawaru.
A magic dart appears from out of thin air!
The magic dart hits you!
A puff of flame appears from out of thin air!
The puff of flame hits you.
* * * LOW HITPOINT WARNING * * *
Found a basalt altar of Yredelemnul.
You feel much better. The gnoll hits you with a +0 flail.
The gnoll shaman barely misses you. The gnoll barely misses you.
Something completely misses you. The gnoll hits you with a +0 flail.
You block the gnoll's attack.
Sigmund appears from thin air!
Reactivating autopickup.
Sigmund mumbles some strange words.
Sigmund flickers and vanishes!
Deactivating autopickup; reactivate with Ctrl-A.
Okay, then.
You closely miss the gnoll shaman. You block the gnoll's attack.
Something hits you.
The gnoll shaman hits you with a +0 club.
The gnoll hits you with a +0 flail!
You completely miss the gnoll shaman. You block something's attack.
The gnoll hits you with a +0 flail. You block the gnoll shaman's attack.
The gnoll hits you with a +0 flail.
Unknown command.
You feel yourself speed up. Something hits you!
* * * LOW HITPOINT WARNING * * *
You block the gnoll shaman's attack. The gnoll hits you with a +0 flail.
* * * LOW HITPOINT WARNING * * *
You barely miss the gnoll shaman. Something hits you.
* * * LOW HITPOINT WARNING * * *
The gnoll shaman hits you with a +0 club.
* * * LOW HITPOINT WARNING * * *
The gnoll hits you with a +0 flail!
You die...

................#
....##....Z.....#
##......$...n...#
...###..........##
_ #.....g.....#
#.......o...#
...######Y{#.#
_... ##g#.# ..#
#g@.# ##..# ####


You could see an ice beast, a necrophage, 2 gnoll shamans, a gnoll (fast), an
orc and a centaur warrior zombie.

Vanquished Creatures
  Edmund (D:4)
  A water moccasin (D:6)
  A black bear (D:6)
  A necrophage (D:4)
  2 centaurs (D:6)
  A bullfrog (D:6)
  A hound (D:4)
  A centaur skeleton (D:4)
  Natasha (thrice) (D:3)
  Terence (D:3)
  An iguana (D:4)
  2 orc wizards
  3 adders
  A white imp (D:6)
  2 ufetubi (D:6)
  4 worms
  3 dart slugs
  7 orcs
  9 endoplasms
  2 giant cockroaches
  9 goblins
  6 hobgoblins
  11 jackals
  2 quokkas (D:2)
  6 ball pythons
  3 bats
  6 kobolds
  5 rats
95 creatures vanquished.

Notes
Turn   | Place    | Note
-------+----------+-------------------------------------------
     0 | D:1      | zeram the Troll Fighter began the quest for the Orb.
     0 | D:1      | Reached XP level 1. HP: 22/22 MP: 0/0
   190 | D:1      | Reached XP level 2. HP: 29/29 MP: 1/1
   407 | D:1      | Reached skill level 2 in Maces & Flails
   835 | D:2      | Reached XP level 3. HP: 36/36 MP: 2/2
  1244 | D:2      | Reached XP level 4. HP: 44/44 MP: 4/4
  1580 | D:3      | Noticed JuniperTheExplorer's ghost (amateur FoFi)
  1591 | D:3      | Noticed Terence
  1613 | D:3      | Killed Terence
  1614 | D:3      | Reached skill level 3 in Maces & Flails
  1614 | D:3      | Reached skill level 1 in Spellcasting
  1805 | D:3      | Found a transporter.
  1808 | D:3      | Noticed Natasha
  1817 | D:3      | Killed Natasha
  1818 | D:3      | Reached XP level 5. HP: 43/47 MP: 5/5
  1818 | D:3      | Found a transporter.
  1873 | D:3      | Noticed Natasha
  1884 | D:3      | Killed Natasha
  1962 | D:3      | Found a shimmering blue altar of Sif Muna.
  2007 | D:3      | Noticed Natasha
  2016 | D:3      | Killed Natasha
  2294 | D:4      | Reached skill level 4 in Maces & Flails
  2294 | D:4      | Reached XP level 6. HP: 59/61 MP: 5/7
  2330 | D:4      | Found a staircase to the Ecumenical Temple.
  2386 | Temple   | Entered the Ecumenical Temple
  2657 | D:4      | Noticed Edmund
  2686 | D:4      | Killed Edmund
  2745 | D:4      | Reached XP level 7. HP: 63/67 MP: 8/8
  2875 | D:4      | You fall into a shaft and drop 2 floors!
  2878 | D:6      | Found a bloodstained altar of Trog.
  2895 | D:6      | Noticed Sigmund
  2903 | D:6      | Reached skill level 5 in Maces & Flails
  3026 | D:6      | Reached XP level 8. HP: 47/78 MP: 10/10
  3055 | D:6      | Found an iron altar of Okawaru.
  3058 | D:6      | Found a basalt altar of Yredelemnul.
  3070 | D:6      | Slain by a gnoll

Illustrated notes

Levels and vault maps discovered:
D:1:      amcnicky_arrival_wind_blow, layout_loops_corners, minivault_24
D:2:      layout_loops_ring
D:3:      layout_basic, kennysheep_orc_sif_temple, gammafunk_ghost_arena,
          uniq_terence, uniq_natasha
D:4:      minmay_wonky_spiral, layout_rooms, temple_pool_b, st_stairs_14,
          grunt_decor_one_mirror, moated_statue, minmay_vboxes, uniq_edmund
D:6:      layout_rooms, grunt_temple_overflow_open,
          mainiacjoe_overflow_cross_hatched, nicolae_ru_sacrificial_ziggurat,
          st_stairs_2, grunt_tough_drop, uniq_sigmund
Temple:   dpeg_chambers_temple

Skill      XL: |  1  2  3  4  5  6  7 |
---------------+----------------------+-----
Maces & Flails | 2 3 4 5 |  5.7
Dodging        | 3 4 |  4.3
Spellcasting   | 1 2 |  2.3
Fighting       | 3 |  3.8
Shields        | |  2.4

Action                   |  1- 3 |  4- 6 |  7- 9 || total
-------------------------+-------+-------+-------++-------
Melee: Flail             |   120 |    45 |    71 ||   236
       Mace              |       |   107 |       ||   107
  Use: Scroll            |     4 |     3 |     6 ||    13
       Potion            |       |     2 |     4 ||     6
 Stab: Sleeping          |     1 |     1 |       ||     2
Armor: Robe              |    41 |    44 |    48 ||   133
       Skin              |       |     8 |       ||     8
Dodge: Dodged            |    57 |    46 |    28 ||   131
Block: Kite shield       |    60 |    75 |    47 ||   182
